 Dungeon Crawl Stone Soup version 0.31-a0-145-g046c7d2549 (webtiles) character file.

Game seed: 11973927302244546197

44 qw the Shooter (level 3, -12/31 HPs)
             Began as a Minotaur Hunter on June 7, 2023.
             Killed by nerve-wracking pain
             ... invoked by an orc priest
              (13 damage)
             ... on level 2 of the Dungeon.
             The game lasted 00:00:20 (1022 turns).

qw the Shooter (Minotaur Hunter)                    Turns: 1022, Time: 00:00:21

Health: -12/31     AC:  5    Str: 15    XL:     3   Next: 41%
Magic:  2/2        EV: 11    Int:  6    God:
Gold:   0          SH:  0    Dex: 15    Spells: 2/2 levels left

rFire   . . .        Y - +1 shortbow
rCold   . . .        (shield currently unavailable)
rNeg    . . .        e - +0 ring mail
rPois   .            (helmet restricted)
rElec   .            (no cloak)
rCorr   .            (no gloves)
SInv    .            (no boots)
Will    .....        k - amulet of the acrobat
Stlth   +            (no ring)
HPRegen 0.25/turn    (no ring)
MPRegen 0.08/turn

%: acrobat
@: no status effects
A: horns 2, retaliatory headbutt
a: no special abilities


You were on level 2 of the Dungeon.
You visited 1 branch of the dungeon, and saw 2 of its levels.


Innate Abilities, Weirdness & Mutations

You have a pair of horns on your head.
You reflexively headbutt those who attack you in melee.


   Skills:
 - Level 3.0 Fighting
 + Level 5.2 Ranged Weapons
 - Level 1.7 Armour
 - Level 2.1 Dodging
 - Level 0.7 Stealth


You had 2 spell levels left.
You didn't know any spells.
Your spell library was empty.

Inventory:

Hand Weapons
 Y - a +1 shortbow (weapon)
Armour
 e - a +0 ring mail (worn)
Jewellery
 k - an amulet of the acrobat (around neck)
Potions
 a - a potion of attraction {unknown}
 f - a potion of cancellation {unknown}
 h - a potion of heal wounds {unknown}

Dungeon Overview and Level Annotations

Branches:
Dungeon (2/15)

Altars:

Shops:
D:1 [


Message History

You hear a shout!
An orc comes into view. It is wielding a +0 morningstar.
You shoot an arrow. The arrow hits the orc.
The orc is heavily wounded.
You shoot an arrow.
The arrow hits the orc but does no damage.
The orc is heavily wounded.
The orc hits you but does no damage.
An orc priest comes into view. It is wielding a +0 hand axe.
The orc hits you with a +2 falchion of holy wrath.
You shoot an arrow. The orc priest shouts!
The arrow hits the orc!
You kill the orc!
The orc misses you.
You shoot an arrow. The arrow barely misses the orc.
The orc barely misses you.
You shoot an arrow. The arrow hits the orc.
The orc is severely wounded.
The orc closely misses you.
You shoot an arrow. The arrow hits the orc.
You kill the orc!
The orc priest hits you with a +0 hand axe.
The orc priest invokes the aid of Beogh against you.
Pain shoots through your body!
You shoot an arrow. The arrow hits the orc priest!
The orc priest is heavily wounded.
The orc priest hits you with a +0 hand axe.
You shoot an arrow. The arrow hits the orc priest.
The orc priest is heavily wounded.
The orc priest hits you but does no damage.
You shoot an arrow. The arrow hits the orc priest.
The orc priest is almost dead.
The orc priest hits you with a +0 hand axe.
The orc priest invokes the aid of Beogh against you.
Beogh smites you!
You shoot an arrow. The arrow barely misses the orc priest.
The orc priest calls down the wrath of Beogh upon you.
Pain shoots through your body!
You die...

#### .... ..) ..# .##
# #)#### ..# #. #o)..#
#.# #.###@# #.#
#.....#
#.############.###
#.##...........####.##
#.##.#########........
#.##.# ######.####.##
#.##.# #.......#
..##.# #.#####.#
...#.# ##.# .#


You could see an orc priest.

Vanquished Creatures
  An adder (D:2)
  4 orcs (D:2)
  2 ball pythons
  2 giant cockroaches
  3 goblins
  A hobgoblin (D:1)
  4 jackals (D:2)
  2 kobolds (D:1)
  2 quokkas (D:1)
  A bat (D:2)
  6 frilled lizards
  2 rats (D:1)
30 creatures vanquished.

Notes
Turn   | Place    | Note
-------+----------+-------------------------------------------
     0 | D:1      | qw the Minotaur Hunter began the quest for the Orb.
     0 | D:1      | Reached XP level 1. HP: 18/18 MP: 0/0
     0 | D:1      | 0 ||| qw: Version: 0.2-a-117-gc6b5c8b
     0 | D:1      | 0 ||| qw: Game counter: 2467
     0 | D:1      | 0 ||| qw: Always use a shield: true
     0 | D:1      | 0 ||| qw: God list: Okawaru
     0 | D:1      | 0 ||| qw: Allow faded altars: false
     0 | D:1      | 0 ||| qw: Do Orc after D:15 true
     0 | D:1      | 0 ||| qw: Do second Lair branch before Depths: true
     0 | D:1      | 0 ||| qw: Lair rune preference: random
     0 | D:1      | 0 ||| qw: Plans: Normal
     0 | D:1      | 0 ||| PLANNING D:1-11
    42 | D:1      | Found Qelaf's Armour Shoppe.
    59 | D:1      | 59 ||| SHOPLISTING +0 ring mail (56 gold, have 0).
    59 | D:1      | 59 ||| SHOPLISTING +1 pair of gloves (161 gold, have 0).
   320 | D:1      | Reached XP level 2. HP: 25/25 MP: 1/1
   344 | D:1      | Reached skill level 5 in Ranged Weapons
   744 | D:1      | 744 ||| UPGRADING to +0 ring mail.
   754 | D:1      | 754 ||| DROPPING +0 leather armour.
   755 | D:1      | 755 ||| UPGRADING to amulet of the acrobat.
   760 | D:1      | 760 ||| READING scroll labelled SERA SEIMO.
   761 | D:1      | 761 ||| READING scroll labelled DATZUR OSETO.
   762 | D:1      | 762 ||| READING scroll labelled ISIXZU OLAELA.
   767 | D:1      | 767 ||| READING scroll labelled VOOTYPS GONU.
   768 | D:1      | 768 ||| READING scroll labelled GIONOXZIESS.
   769 | D:1      | 769 ||| DROPPING scroll of butterflies.
   912 | D:2      | Reached skill level 1 in Armour
   914 | D:2      | Reached XP level 3. HP: 22/30 MP: 2/2
  1006 | D:2      | Reached skill level 3 in Fighting
  1021 | D:2      | HP: 1/31 [orc priest/divine providence (10)]
  1022 | D:2      | Killed from afar by an orc priest

Levels and vault maps discovered:
D:1:      dpeg_arrival_rooms_c, layout_loops_ring, serial_shops, shop,
          roderic_lattice_a
D:2:      layout_loops_ring

Skill      XL: |  1  2  3 |
---------------+----------+-----
Ranged Weapons | 5 |  5.2
Armour         | 1 |  1.7
Fighting       | 3 |  3.0
Dodging        | |  2.1
Stealth        | |  0.7

Action                     || total
---------------------------++-------
   Fire: Shortbow          ||    77
    Use: Scroll            ||     5
 Armour: Leather armour    ||     5
         Ring mail         ||    12
  Dodge: Dodged            ||    16

Table legend:
 A = Non-vault XP
 B = Vault XP
 C = Vault XP percentage of total XP
 D = Non-vault monster count
 E = Vault monster count
 F = Vault count percentage of total count
                 A         B        C        D         E       F
            +---------+---------+-------+---------+---------+-------
      Total |      64 |       0 |   0.0 |      30 |       0 |   0.0
            +---------+---------+-------+---------+---------+-------
        D:1 |      21 |       0 |   0.0 |      14 |       0 |   0.0
        D:2 |      43 |       0 |   0.0 |      16 |       0 |   0.0
            +---------+---------+-------+---------+---------+-------
